[Event "Early-Titled-Tuesday-Blitz-September-05-2023"]
[Site "Chess.com"]
[Date "2023.09.05"]
[Round "4"]
[White "Herzog2012"]
[Black "CheckThis4"]
[Result "1/2-1/2"]
[WhiteElo "2454"]
[BlackElo "2660"]
[TimeControl "180+1"]
[EndTime "8:38:55 PDT"]
[Termination "Game drawn by stalemate"]

1. e4 c5 2. Nf3 d6 3. d4 cxd4 4. Nxd4 Nf6 5. Nc3 g6 6. Be3 Bg7 7. f3 Nc6 8. Qd2 O-O 9. O-O-O d5 10. Nxc6 bxc6 11. Bh6 Be6 12. exd5 Nxd5 13. Bxg7 Kxg7 14.
Bc4 Qb6 15. Bxd5 cxd5 16. Qd4+ Kg8 17. Qxb6 axb6 18. a3 Rfd8 19. Rd4 Ra5 20. Rhd1 f6 21. a4 Rc5 22. Rb4 Rb8 23. Rb5 Rxb5 24. axb5 Rd8 25.
Ne2 Kf7 26. Kd2 Bd7 27. Nc3 d4 28. Na4 Bxb5 29. Nxb6 Rd6 30. Na8 Rc6 31. Ra1 Ba6 32. Nc7 Bb7 33. Nb5 e5 34. Na3 Ke6 35. Nb5 Rb6 36. Ra5 Bc6 37. Nc7+ Kd6 38. Na6 Bb7 39. Nc5 Bc6 40. Nd3 Rb5 41. Rxb5 Bxb5 42. b3 Kd5 43. c3 f5 44. cxd4 Kxd4 45. Ne1 e4 46. fxe4 fxe4 47. Nc2+ Ke5 48. Ke3 Bd3 49. Nd4 Bf1 50.
g3 h5 51. Nc2 Bd3 52. Nb4 Bb5 53. Nc2 g5 54. Nd4 Bd7 55. Ne2 Bb5 56. Nc3 Bd3 57.
b4 h4 58. gxh4 gxh4 59. b5 Kd6 60. b6 Kc6 61. Nxe4 Bxe4 62. Kxe4 Kxb6 63. Kf5 Kc6 64.
Kg5 Kd6 65. Kxh4 Ke7 66. Kg5 Kf8 67. Kh6 Kg8 68. h3 Kh8 69. Kg6 Kg8 70. h4 Kh8 71. h5 Kg8 72. h6 Kh8 73. h7 1/2-1/2

[Event "Early-Titled-Tuesday-Blitz-September-05-2023"]
[Site "Chess.com"]
[Date "2023.09.05"]
[Round "4"]
[White "Truequitos"]
[Black "Semetey"]
[Result "1-0"]
[WhiteElo "2430"]
[BlackElo "2577"]
[TimeControl "180+1"]
[EndTime "8:38:55 PDT"]
[Termination "Truequitos won by resignation"]

1. e4 g6 2. d3 Bg7 3. Nd2 c5 4. Ngf3 Nc6 5. g3 Nf6 6. Bg2 d5 7. O-O O-O 8. Re1 Bg4 9. h3 Bxf3 10. Bxf3 e6 11. Bg2 Qc7 12. c3 Rad8 13. Qe2 b5 14. Nf3 c4 15. dxc4 dxc4 16. e5 Nd5 17. Bg5 Rd7 18. Rad1 h6 19. Bf4 Nxf4 20. gxf4 Rfd8 21. Nd2 Ne7 22. Ne4 Nd5 23. Qf3 h5 24. Nd6 a6 25.
Qg3 Ne7 26. Be4 Bf8 27. Rd4 Nf5 28. Bxf5 exf5 29. Nxf5 Kh7 30. Rxd7 Qxd7 31. Nd4 Bc5 32. e6 Qe7 33. Nc6 Qe8 34. Nxd8 Qxd8 35. exf7 Kg7 36.
f5 Qf6 37. Qxg6+ Qxg6+ 38. fxg6 Kxg6 39. Re6+ Kxf7 40. Rxa6 Kg7 41. Kg2 h4 42. f4 Kf7 43.
Kf3 Ke7 44. Ke4 Bf2 45. Kd5 Kd7 46. f5 Ke7 47. Re6+ Kf7 48. Rc6 Be3 49. b3 cxb3 50. axb3 Bd2 51. c4 bxc4 52. bxc4 Bf4 53. Re6 Bg3 54.
c5 Kg7 55. c6 Kf7 56. Rd6 Ke7 57. Rd7+ Ke8 58. Rh7 Kf8 59. Ke6 Kg8 60. Rd7 Kh8 61. f6 Kg8 62. f7+ Kg7 63. Rd8 1-0

[Event "Early-Titled-Tuesday-Blitz-September-05-2023"]
[Site "Chess.com"]
[Date "2023.09.05"]
[Round "4"]
[White "Yeremyan_ChessMate"]
[Black "vugarrasulov"]
[Result "0-1"]
[WhiteElo "2659"]
[BlackElo "2913"]
[TimeControl "180+1"]
[EndTime "8:38:56 PDT"]
[Termination "vugarrasulov won on time"]

1. d4 Nf6 2. Nf3 d5 3. c4 e6 4. Nc3 dxc4 5. Qa4+ Nbd7 6. Qxc4 a6 7. g3 b5 8. Qd3 Bb7 9. Bg2 c5 10. dxc5 Nxc5 11. Qxd8+ Rxd8 12. O-O Be7 13. Bf4 O-O 14. a3 Nd5 15. Nxd5 Bxd5 16. Rac1 Na4 17. b4 Rc8 18. Nd4 Nc3 19. Bxd5 Nxd5 20. Nc6 Bf6 21. Bd6 Rfe8 22. Be5 Bxe5 23. Nxe5 f6 24. Nd3 e5 25.
Nc5 Rc6 26. Rfd1 Nb6 27. Nxa6 Nc4 28. a4 bxa4 29. Nc5 Nb2 30. Rd2 a3 31. Ra1 Ra8 32.
Kg2 Rb6 33. Nd3 Nc4 34. Rc2 Nd6 35. Rca2 Nb5 36. Nc5 Kf7 37. Rd2 Nd4 38. e3 Nb5 39. Nb3 h5 40. Rd7+ Kg6 41. Nc5 Nc3 42. Rd3 Nb5 43. Rd7 Rd6 44. Rb7 Nc3 45. b5 a2 46. b6 Rd1 47. Ra7 Rb8 48. Rxd1 Nxd1 49. Rxa2 Rxb6 50. Ra7 Rb2 51. Kg1 Rb6 52. Nd7 Rb1 53.
Nf8+ Kf5 54. Kg2 Rb2 55. Rxg7 Nxe3+ 56. Kf3 Ng4 57. Rxg4 hxg4+ 58. Kg2 e4 0-1

[Event "Early-Titled-Tuesday-Blitz-September-05-2023"]
[Site "Chess.com"]
[Date "2023.09.05"]
[Round "4"]
[White "Lady_Nika"]
[Black "Athanasios2"]
[Result "0-1"]
[WhiteElo "2486"]
[BlackElo "2684"]
[TimeControl "180+1"]
[EndTime "8:38:58 PDT"]
[Termination "Athanasios2 won on time"]

1. e4 c5 2. Nc3 d6 3. g3 Nf6 4. Bg2 g6 5. d3 Bg7 6. f4 Nc6 7. Nf3 Rb8 8. O-O O-O 9. Rb1 Bg4 10. h3 Bxf3 11. Bxf3 Nd4 12. Bg2 b5 13. Ne2 Nd7 14. g4 b4 15. Be3 Nxe2+ 16. Qxe2 a5 17.
h4 a4 18. h5 e6 19. hxg6 hxg6 20. g5 Re8 21. Qg4 b3 22. axb3 axb3 23. c3 Qa5 24.
Ra1 Qb5 25. Rad1 Ra8 26. d4 Ra2 27. Rf2 cxd4 28. Bxd4 Nc5 29. Qh3 e5 30. Bxc5 Qxc5 31.
Rd5 Qb6 32. Rd2 exf4 33. Kh2 Qc5 34. Qd7 Rf8 35. Bf3 Qxg5 36. Rg2 Qh4+ 37. Qh3 Qf6 38.
Rd1 Qe5 39. Rd5 Qe7 40. Qg4 Be5 41. Rgd2 Kg7 42. Kg2 Rh8 43. Rxe5 dxe5 44. Rd7 Rxb2+ 45. Kf1 Rb1+ 46. Ke2 Rh2+ 47. Kd3 Qc5 48. Qe6 Qe3+ 49. Kc4 Kh6 50. Qxf7 Qxf3 51. Qf8+ Kg5 52. Qe7+ Kg4 53.
Qe6+ Kg3 54. Qxe5 Qe2+ 55. Kb4 b2 56. Rg7 Qg4 57. Qd6 Rd1 0-1

[Event "Early-Titled-Tuesday-Blitz-September-05-2023"]
[Site "Chess.com"]
[Date "2023.09.05"]
[Round "4"]
[White "Vladimir_Zakhartsov"]
[Black "Thecourseoisildur"]
[Result "1-0"]
[WhiteElo "2885"]
[BlackElo "2588"]
[TimeControl "180+1"]
[EndTime "8:38:59 PDT"]
[Termination "Vladimir_Zakhartsov won on time"]

1. c3 Nf6 2. g3 g6 3. Bg2 Bg7 4. d4 d5 5. Nf3 O-O 6. O-O b6 7. c4 Bb7 8. Ne5 Qc8 9. cxd5 Bxd5 10. Nc3 Bxg2 11. Kxg2 Qb7+ 12. f3 Nbd7 13. Nd3 c5 14. dxc5 Nxc5 15. Nxc5 bxc5 16. e4 Rfd8 17. Qe2 Rab8 18.
Rb1 Nd7 19. Bf4 Ne5 20. Nd5 e6 21. Ne3 Qb5 22. Qxb5 Rxb5 23. Bxe5 Bxe5 24. Nc4 Bd4 25. b3 Rdb8 26. Rbc1 a5 27. Rc2 Ra8 28. e5 a4 29.
bxa4 Rxa4 30. f4 Rb8 31. Rd1 Rba8 32. Rdd2 Rb8 33. Nd6 Rb1 34. Kh3 Ra1 35. Kg4 Kg7 36. Ne8+ Kf8 37. Nf6 Kg7 38. Nd7 h6 39. h4 h5+ 40. Kh3 Ra3 41. Nf6 Rf1 42. Ne4 Rxf4 43. Ng5 Rf1 44. Kh2 Bxe5 45. Rd7 Bxg3+ 46. Kg2 Rf5 47. Nxe6+ Kh6 48. Ng5 Bxh4 49. Nxf7+ Kg7 50. Nd6+ Kf6 51. Nxf5 Kxf5 52. Rd5+ Ke6 53. Rdxc5 Bf6 54. Rc6+ Kf5 55. Rf2+ Kg5 56. Rcxf6 h4 57. R6f3 Ra5 58. Kh2 Kh5 59. Rf8 Kg5 60. Rg2+ Kh6 61. Rg8 g5 62. a4 Rxa4 63. R8xg5 1-0

[Event "Early-Titled-Tuesday-Blitz-September-05-2023"]
[Site "Chess.com"]
[Date "2023.09.05"]
[Round "4"]
[White "FuenfgegenWilly"]
[Black "Maus7"]
[Result "0-1"]
[WhiteElo "2299"]
[BlackElo "2477"]
[TimeControl "180+1"]
[EndTime "8:38:59 PDT"]
[Termination "Maus7 won by resignation"]

1. d4 Nf6 2. c4 e6 3. Nc3 Bb4 4. Qc2 O-O 5. e4 c5 6. d5 exd5 7. exd5 Re8+ 8. Be2 Ne4 9. Be3 Qa5 10. Rc1 Qxa2 11.
Nf3 d6 12. O-O Bxc3 13. bxc3 Qxc2 14. Rxc2 Nd7 15. Bf4 Nb6 16. Bd3 Bf5 17. Ng5 Rad8 18. Ra1 Ng3 19. Bxf5 Nxf5 20. g4 Nh4 21. Bg3 h6 22.
Bxh4 hxg5 23. Bxg5 f6 24. Bf4 Re4 25. Bg3 Nc8 26. f3 Rxc4 27. Kf2 Kf7 28. Ke3 b5 29. Kd3 Ra4 30. Rca2 Rxa2 31. Rxa2 Rd7 32. Ra5 Rb7 33. Kc2 Ke7 34. h4 Kd7 35. h5 Ne7 36. Ra6 Nc8 37. Bh4 Rb6 38. Rxb6 Nxb6 39. Bxf6 Nxd5 40. Bxg7 Ke6 41.
Kd3 Kf7 42. Bh6 a5 43. g5 Nf4+ 44. Ke4 Nxh5 45. Kf5 Ng3+ 46. Kg4 Ne2 47. Kh5 Ng3+ 48. Kg4 Ne2 49. Kh5 Nf4+ 50. Kg4 Nd5 51. Kh5 a4 52.
g6+ Kg8 53. Bc1 Nxc3 54. f4 b4 55. f5 Ne4 56. Kg4 a3 57. Kf4 Nf6 58. Kg5 Ne4+ 59. Kf4 Nc3 60. Kg5 Nd5 61. f6 Nxf6 62. Kxf6 b3 63.
Ke6 b2 64. Bh6 b1=Q 65. Kxd6 c4 66. Ke6 c3 67. Kf6 c2 0-1

[Event "Early-Titled-Tuesday-Blitz-September-05-2023"]
[Site "Chess.com"]
[Date "2023.09.05"]
[Round "4"]
[White "lilleper1"]
[Black "AlexPapasimakopoulos"]
[Result "0-1"]
[WhiteElo "2873"]
[BlackElo "2726"]
[TimeControl "180+1"]
[EndTime "8:39:01 PDT"]
[Termination "AlexPapasimakopoulos won on time"]

1. Nf3 d5 2. g3 c6 3. Bg2 Bf5 4. O-O e6 5. d3 Nd7 6. c4 Ngf6 7. Qb3 Qb6 8. Be3 Bc5 9. Bxc5 Nxc5 10. Qa3 O-O 11.
Nbd2 a5 12. Rac1 Ncd7 13. Nh4 Bg4 14. Rfe1 Qb4 15. Qc3 Qxc3 16. bxc3 b5 17. h3 Bh5 18. g4 Bg6 19. Nxg6 hxg6 20. cxb5 cxb5 21. c4 bxc4 22.
dxc4 Nb6 23. g5 Nfd7 24. c5 Na4 25. c6 Ndc5 26. Nb3 Nxb3 27. axb3 Nb6 28. e4 Rfc8 29.
exd5 Nxd5 30. Rc5 Ra6 31. Bxd5 exd5 32. c7 Ra7 33. Re7 Kf8 34. Rd7 Ke8 35. Rdxd5 Rcxc7 36. Rxc7 Rxc7 37. Rxa5 Rb7 38. Re5+ Kf8 39. Re3 Rb5 40.
h4 f6 41. gxf6 gxf6 42. Kf1 Rb4 43. Rh3 Ke7 44. Ke2 Kd6 45. Kd2 Ke5 46. Re3+ Kf5 47.
Rf3+ Ke5 48. Re3+ Kf5 49. Rf3+ Ke5 50. Rh3 Rf4 51. f3 Kd4 52. Kc2 Ke3 53. Kc3 Kf2 54. Rh1 Kg2 55. Rb1 Rxh4 56. b4 f5 57. b5 Kxf3 58.
b6 Rh8 59. Kd4 f4 60. Ke5 g5 61. Rb3+ Kg2 62. b7 Rb8 63. Rb2+ Kg3 64. Ke4 f3 65. Ke3 g4 66. Ke4 f2 67. Rb1 Kg2 68. Kf4 Rxb7 0-1

[Event "Early-Titled-Tuesday-Blitz-September-05-2023"]
[Site "Chess.com"]
[Date "2023.09.05"]
[Round "4"]
[White "blitzking1729"]
[Black "Shield12"]
[Result "0-1"]
[WhiteElo "2752"]
[BlackElo "2958"]
[TimeControl "180+1"]
[EndTime "8:39:03 PDT"]
[Termination "Shield12 won by resignation"]

1. d4 Nf6 2. Bg5 d5 3. Nd2 c5 4. e3 Nc6 5. Ngf3 cxd4 6. exd4 h6 7. Bh4 Bf5 8. c3 e6 9. Be2 Be7 10. O-O O-O 11. Re1 a6 12. Bf1 b5 13. Ne5 Nxe5 14.
dxe5 Nd7 15. Bxe7 Qxe7 16. Nf3 Rfc8 17. Nd4 Bg6 18. f4 b4 19. Re3 bxc3 20. bxc3 Rab8 21. Bxa6 Rc7 22. Bb5 Qc5 23. a4 Nb6 24. Qe2 Be4 25. Rg3 Kh7 26. h4 Nc8 27. h5 Ne7 28. Kh2 Nf5 29. Nxf5 exf5 30. Qe3 Qe7 31. Rh3 Rbc8 32. Qd4 Rc5 33. Bf1 Qc7 34. Ra3 Ra8 35. Rb3 Qc6 36. Rb5 Rxb5 37. axb5 Qc7 38. Rg3 Ra2 39. b6 Qb7 40. e6 fxe6 41. Qc5 Ra8 42. Bb5 Qf7 43. Be2 Rb8 44. Qd6 Rb7 45. Kg1 d4 46. cxd4 Rd7 47.
Qe5 Rd5 48. Qc7 Rd7 49. Qc5 Rd5 50. Qb4 Rd7 51. Bf3 Bxf3 52. Rxf3 Rb7 53. Rc3 Qxh5 54.
Rc7 Qd1+ 55. Kf2 Rxc7 56. bxc7 Qc2+ 57. Ke3 Qxc7 58. Qf8 Qc6 59. Qe7 Qe4+ 0-1

[Event "Early-Titled-Tuesday-Blitz-September-05-2023"]
[Site "Chess.com"]
[Date "2023.09.05"]
[Round "4"]
[White "thedjoker98"]
[Black "ViIIagra"]
[Result "1/2-1/2"]
[WhiteElo "2618"]
[BlackElo "2935"]
[TimeControl "180+1"]
[EndTime "8:39:03 PDT"]
[Termination "Game drawn by repetition"]

1. d4 d6 2. c4 g6 3. e4 Bg7 4.
Nc3 e5 5. Nge2 Nf6 6. f3 O-O 7. Be3 c6 8. Qd2 exd4 9. Nxd4 d5 10. cxd5 cxd5 11. e5 Nfd7 12. f4 Nc6 13. Be2 Nb6 14. O-O f6 15. exf6 Qxf6 16. Rad1 Re8 17. Bf2 Bd7 18.
Rfe1 Rad8 19. b3 Kh8 20. Bf3 Rxe1+ 21. Qxe1 Qxf4 22. Nde2 Qf6 23. Nxd5 Nxd5 24. Bxd5 Re8 25. Qd2 Bg4 26. Re1 Qd6 27. Nc3 Rd8 28. Qc1 Qb4 29.
Bxc6 bxc6 30. Ne4 Be6 31. Ng5 Bd5 32. Bxa7 Qg4 33. Qd2 Kg8 34. h3 Qd7 35. Bf2 Bh6 36. Be3 Re8 37. Nf3 Bf8 38. Bf2 Rxe1+ 39. Nxe1 Qf5 40.
Bd4 Qe4 41. Qe3 Qf5 42. Qe5 Qxe5 43. Bxe5 Kf7 44. Nd3 Ke6 45. Bc3 Kf5 46. Kf2 Ke4 47. Ke2 Kf5 48. g4+ Ke4 49. Bd2 h5 50. Nf2+ Ke5 51. gxh5 gxh5 52. Bc3+ Kf4 53. Nd3+ Kg3 54. a4 Bxb3 55. a5 Bc4 56. Ke3 Kxh3 57. Ne5 Bb5 58. a6 Bxa6 59. Nxc6 Kg2 60. Ne5 h4 61. Ng6 Bh6+ 62.
Ke4 h3 63. Be5 Bg5 64. Nf4+ Kg3 65. Ne6+ Kg4 66. Nxg5 Kxg5 67. Ke3 Kg4 68. Bh2 Kh4 69. Kf2 Kg4 70. Bg3 Kh5 71. Bh2 Kg4 72. Bg3 Kh5 73.
Bh2 Kg4 1/2-1/2

[Event "Early-Titled-Tuesday-Blitz-September-05-2023"]
[Site "Chess.com"]
[Date "2023.09.05"]
[Round "4"]
[White "Chopper1905"]
[Black "Firouzja2003"]
[Result "1-0"]
[WhiteElo "2888"]
[BlackElo "3118"]
[TimeControl "180+1"]
[EndTime "8:39:04 PDT"]
[Termination "Chopper1905 won by resignation"]

1. d4 Nf6 2. c4 g6 3. Nc3 Bg7 4. e4 d6 5. Nf3 O-O 6. Be2 e5 7. O-O Na6 8. Be3 Qe7 9. Bg5 exd4 10. Nd5 Qd8 11. Nxd4 c6 12. Nxf6+ Bxf6 13. Bxf6 Qxf6 14. Qd2 Nc5 15. f3 a5 16. b3 Rd8 17. Rad1 Qe7 18.
Rfe1 Be6 19. Bf1 f6 20. Qe3 Bf7 21. Rd2 d5 22. cxd5 cxd5 23. e5 fxe5 24. Qxe5 Qxe5 25. Rxe5 Rac8 26. g4 Kf8 27. h4 Rd6 28. Kf2 Nd7 29.
Re1 Nf6 30. Bh3 Rcd8 31. Rc1 Ne8 32. g5 Rb6 33. Rc5 a4 34. bxa4 Rb4 35. Rb5 Rxa4 36.
Rxb7 Nd6 37. Rd7 Rxd7 38. Bxd7 Ra3 39. Be6 Nc4 40. Re2 Rd3 41. Nb5 Be8 42. Nc7 Bc6 43.
a4 Na5 44. Bg4 Nc4 45. h5 d4 46. h6 Ne3 47. Ne6+ Kg8 48. Bh3 Bd5 49. Nf4 Rd1 50.
Nxd5 Nxd5 51. Be6+ Kf8 52. Bxd5 d3 53. Rb2 d2 54.
Bb3 Rh1 55. Rxd2 Rh2+ 56. Ke3 Rh1 57. Rd7 Re1+ 58. Kf2 Rb1 59. Rf7+ Ke8 60. Bd5 Rd1 61. Rxh7 Rd2+ 62. Kg3 Rxd5 63. Kg4 Rd4+ 64. f4 Rd1 65. Rb7 Rg1+ 66. Kf3 Rb1 67. Rxb1 1-0

[Event "Early-Titled-Tuesday-Blitz-September-05-2023"]
[Site "Chess.com"]
[Date "2023.09.05"]
[Round "4"]
[White "Durarbayli"]
[Black "Alexei_Gubajdullin"]
[Result "0-1"]
[WhiteElo "2873"]
[BlackElo "2605"]
[TimeControl "180+1"]
[EndTime "8:39:04 PDT"]
[Termination "Alexei_Gubajdullin won on time"]

1. e4 g6 2. d4 d6 3. Nc3 a6 4. Nf3 Bg7 5. h3 Nf6 6. Be3 O-O 7. Bd3 Nc6 8. d5 Nb4 9. Be2 a5 10. a3 Na6 11. Nd4 Bd7 12. f4 c6 13. dxc6 bxc6 14.
e5 Ne8 15. exd6 exd6 16. Bf3 d5 17. O-O Nd6 18. Bf2 Rb8 19. Rb1 c5 20. Nb3 d4 21.
Nd5 a4 22. Nd2 Bb5 23. Re1 Nc4 24. Nxc4 Bxc4 25. Ne7+ Kh8 26. Nc6 Qf6 27. b3 axb3 28.
cxb3 Be6 29. Nxb8 Nxb8 30. Rc1 Qxf4 31. Rxc5 Nd7 32. Re4 Qd6 33. Rc1 d3 34. Re3 Ne5 35. Be4 d2 36. Rc2 Qxa3 37. Rxd2 Bh6 38. Rd8 Bxe3 39. Rxf8+ Qxf8 40. Bxe3 f6 41. Bd4 Kg7 42. Kh1 Qb4 43. Bc2 Qb7 44. Kh2 Qd5 45. Bb2 Qc6 46.
Qd2 Qc7 47. Qc3 Qb7 48. b4 Bd5 49. Qd2 Be4 50. Bb3 Qc7 51. Kg1 Nd3 52. Bc3 Qb6+ 53.
Kh2 Qd6+ 54. Kg1 Qd7 55. Qe3 Qf5 56. Qd4 Ne5 57. Bd2 Bd3 58. Be3 Qf1+ 59. Kh2 Qe2 60. Qf4 Be4 61. Qxe4 g5 62. Qd4 Nf3+ 63. Kg3 Nxd4 64. Bc4 Qxe3+ 0-1

[Event "Early-Titled-Tuesday-Blitz-September-05-2023"]
[Site "Chess.com"]
[Date "2023.09.05"]
[Round "4"]
[White "ArmanGhevondyanchess"]
[Black "SAInt_666"]
[Result "0-1"]
[WhiteElo "2441"]
[BlackElo "2704"]
[TimeControl "180+1"]
[EndTime "8:39:04 PDT"]
[Termination "SAInt_666 won by resignation"]

1. Nf3 d5 2. d4 Nf6 3. g3 e6 4.
Bg2 b5 5. O-O Be7 6. Ne5 O-O 7.
Na3 a6 8. c4 c6 9. b3 Bb7 10.
Bb2 Nbd7 11. Nc2 Nxe5 12. dxe5 Nd7 13. Ne3 Bc5 14. Rc1 Qb6 15. Qd2 Rfd8 16. Ng4 Nf8 17. cxd5 cxd5 18. Qg5 Ng6 19. h4 Be7 20. Qd2 d4 21.
Bxb7 Qxb7 22. h5 Nf8 23. h6 g6 24. Qf4 Nd7 25. Rfd1 Rac8 26. Bxd4 Rxc1 27. Rxc1 Qd5 28.
Ne3 Qb7 29. Qf3 Qxf3 30. exf3 Bg5 31. Rd1 Nb8 32. f4 Bxh6 33. Bb6 Rxd1+ 34. Nxd1 Kf8 35. Bc5+ Ke8 36. Nc3 Nd7 37. Bd6 Bf8 38. Ne4 Be7 39. Kf1 Bd8 40. Ke2 h6 41. Bb4 Bb6 42. Nd6+ Kf8 43. Nxb5+ Kg7 44. Nd6 g5 45. f5 Nxe5 46. Bc3 Kf6 47. Ne8+ Ke7 48. Bxe5 Kxe8 49. Bg7 h5 50.
fxe6 fxe6 51. Bh6 g4 52. Bg5 Kd7 53. f3 Kd6 54. fxg4 hxg4 55. Kd3 Kd5 56. Bf4 Bf2 57. Ke2 Bd4 58. Bg5 Ke4 59. Bh4 Be5 60. a4 Bd6 61.
Kd2 Kf3 62. Kd3 Bxg3 63. Bf6 Be1 64. b4 g3 65. Bd4 Bxb4 66. Kc4 Be1 0-1

[Event "Early-Titled-Tuesday-Blitz-September-05-2023"]
[Site "Chess.com"]
[Date "2023.09.05"]
[Round "4"]
[White "meoluoi91"]
[Black "fen_fire"]
[Result "1/2-1/2"]
[WhiteElo "2678"]
[BlackElo "2485"]
[TimeControl "180+1"]
[EndTime "8:39:05 PDT"]
[Termination "Game drawn by repetition"]

1. Nf3 Nf6 2. g3 d6 3. Bg2 Nbd7 4.
O-O g6 5. d4 Bg7 6. a4 O-O 7. a5 a6 8. c3 c6 9. Nbd2 e5 10. e4 Re8 11. Re1 Qc7 12. Qc2 Nf8 13. dxe5 dxe5 14. Nc4 Bg4 15. Nh4 Be6 16. Nb6 Rad8 17.
Be3 Ng4 18. Bc5 Nd7 19. Nxd7 Rxd7 20. h3 Nf6 21. Nf3 Qc8 22. g4 Qb8 23. Bb6 h5 24. Ng5 hxg4 25. Nxe6 Rxe6 26. hxg4 Rde7 27. Bh3 Nd7 28. Be3 Rd6 29. b4 Re8 30. g5 Nf8 31.
Bc5 Rdd8 32. Bb6 Rd6 33. Re3 Ne6 34. Bxe6 fxe6 35. Rf3 Qc8 36. Kg2 Qd7 37. Be3 Rf8 38. Rh3 Rd3 39. Rah1 Qd8 40. Rg3 Rf7 41. Rhh3 Rfd7 42.
Qb3 Qe8 43. Qc4 Rd1 44. Rh4 Qf7 45. Rgh3 Rb1 46. Rh1 Rdd1 47. Rxd1 Rxd1 48. Qe2 Qd7 49. Rh3 Qd3 50. Qg4 Qf1+ 51. Kf3 Kf7 52. Rh2 Rd3 53.
c4 Rb3 54. Kg3 Qg1+ 55. Rg2 Qe1 56. Qf3+ Kg8 57. Qg4 Rxe3+ 58. Kh2 Rxe4 59. Qxe6+ Kf8 60. Qc8+ Kf7 61. Qd7+ Kf8 62. Qd8+ Kf7 63. Qd7+ Kf8 64. Qc8+ Kf7 65. Qd7+ 1/2-1/2

[Event "Early-Titled-Tuesday-Blitz-September-05-2023"]
[Site "Chess.com"]
[Date "2023.09.05"]
[Round "4"]
[White "topin8"]
[Black "IMSlavin"]
[Result "1-0"]
[WhiteElo "2472"]
[BlackElo "2155"]
[TimeControl "180+1"]
[EndTime "8:39:06 PDT"]
[Termination "topin8 won on time"]

1. e4 Nc6 2. Nc3 Nf6 3. Nf3 d6 4. d4 Bg4 5. Be2 e5 6. d5 Ne7 7.
O-O Ng6 8. h3 Bd7 9. a4 a6 10.
b4 Be7 11. a5 O-O 12. Bd3 h6 13. Ne2 Nh5 14. Kh2 Nhf4 15. Nxf4 exf4 16. Bb2 Bf6 17.
Qc1 Ne5 18. Nxe5 Bxe5 19. Bxe5 dxe5 20. g3 g5 21. Rg1 Kh7 22. Qd1 Qf6 23. Qe2 Rg8 24.
g4 Rh8 25. f3 Kg6 26. Kg2 h5 27. Rh1 hxg4 28. hxg4 Qd6 29. c3 f6 30. Qb2 b5 31. axb6 Qxb6 32. Qf2 Rxh1 33. Rxh1 a5 34. Ra1 a4 35. Qxb6 cxb6 36. c4 Kf7 37. Ra3 Ke7 38.
Kf2 Kd6 39. Kg2 Rh8 40. Bc2 Ra8 41. Ra2 b5 42. c5+ Kc7 43. Ra3 Be8 44. Bd3 Kb7 45.
c6+ Kb6 46. Be2 Rc8 47. Kf2 Bxc6 48. dxc6 Rxc6 49. Rd3 Kc7 50. Rd5 Rc2 51. Rxb5 a3 52. Ra5 a2 53. Ke1 Kb6 54. Kd1 Rb2 55. Bd3 Rb3 56. Kc2 Rxb4 57. Rxa2 Rd4 58. Rb2+ Kc7 59. Rb3 Kd6 60. Rc3 Ke7 61. Rc4 Rd8 62. Rc7+ Kd6 63. Rf7 Rc8+ 64. Kb3 Ke6 65. Bc4+ Rxc4 66. Rxf6+ Kxf6 67.
Kxc4 Ke6 68. Kc5 Ke7 69. Kd5 Kf6 70. Kd6 1-0

[Event "Early-Titled-Tuesday-Blitz-September-05-2023"]
[Site "Chess.com"]
[Date "2023.09.05"]
[Round "4"]
[White "BogdanDeac"]
[Black "jeetjain"]
[Result "1-0"]
[WhiteElo "3029"]
[BlackElo "2616"]
[TimeControl "180+1"]
[EndTime "8:39:11 PDT"]
[Termination "BogdanDeac won by resignation"]

1. b3 d5 2. Bb2 Bf5 3. e3 e6 4. c4 Nf6 5. cxd5 exd5 6. Qf3 Bg6 7.
Bxf6 Qxf6 8. Qxf6 gxf6 9. Ne2 Nc6 10. Nf4 Nb4 11. Nxg6 hxg6 12. Kd1 a5 13. a3 Na6 14. d4 c5 15. Nc3 cxd4 16. Bxa6 Rxa6 17. exd4 Rh4 18.
Nb5 Rc6 19. Kd2 Kd7 20. Kd3 Rb6 21. a4 Bb4 22. Ra2 Re6 23. Rc2 Rc6 24. g3 Rh3 25. Na7 Rxc2 26. Kxc2 f5 27. Nb5 f4 28. Kd1 fxg3 29. fxg3 Ke6 30. Ke2 Rh8 31. h4 Rc8 32. Kd3 f5 33. Rf1 Rg8 34. Nc7+ Kd6 35. Nb5+ Ke6 36.
Rh1 g5 37. h5 Rh8 38. h6 Rh7 39. Nc7+ Kd6 40. Ne8+ Ke6 41. Nc7+ Kd6 42. Nb5+ Ke6 43.
Ke3 Bf8 44. Kf3 Rxh6 45. Re1+ Kd7 46. Re5 g4+ 47. Kf4 Bd6 48. Nxd6 Rxd6 49. Kxf5 Rh6 50. Rxd5+ Kc6 51. Rc5+ Kb6 52. Kxg4 Rd6 53. Rb5+ Kc6 54. d5+ Kc7 55. Rxa5 Rf6 56. Rc5+ Kd6 57. Rb5 Kc7 58. Kg5 Rf3 59. g4 b6 60. Kg6 Rd3 61. g5 Kb7 62. a5 Ka6 63. Rxb6+ Kxa5 64. Rf6 Kb4 65. d6 Kxb3 66. Kf7 Kc4 67. g6 Kc5 68. g7 1-0

[Event "Early-Titled-Tuesday-Blitz-September-05-2023"]
[Site "Chess.com"]
[Date "2023.09.05"]
[Round "4"]
[White "GaiozNigalidze"]
[Black "ural58"]
[Result "1-0"]
[WhiteElo "2754"]
[BlackElo "2524"]
[TimeControl "180+1"]
[EndTime "8:39:11 PDT"]
[Termination "GaiozNigalidze won by resignation"]

1. d4 d5 2. c4 e5 3. dxe5 d4 4.
Nf3 Nc6 5. Nbd2 a5 6. g3 Nge7 7. Bg2 a4 8. O-O Ng6 9. b3 Be7 10. bxa4 Ngxe5 11. Bb2 O-O 12. a5 Be6 13. Nxe5 Nxe5 14.
Bxb7 Rxa5 15. Bg2 c5 16. Qc2 Qd7 17. a3 Qa4 18. Qe4 Nxc4 19. Bc1 Nd6 20. Qf4 Nb5 21. Ne4 Qc2 22. Bd2 Rxa3 23. Rac1 Qa4 24. Nxc5 Bxc5 25. Rxc5 Nc3 26. Bxc3 dxc3 27. Qxa4 Rxa4 28. Rxc3 h6 29. h3 Rd8 30. Rc2 g5 31. e3 Kg7 32. Rfc1 Ra7 33. g4 Rd6 34. Kh2 Ra3 35. Kg3 Rda6 36.
Be4 R6a4 37. Kf3 Kf6 38. Rc6 Ra2 39. Bd5 Rd2 40. Bxe6 fxe6 41. Kg3 Raa2 42. Rf1 Re2 43. Rc8 Rab2 44. Rf8+ Kg6 45. Rf3 h5 46. gxh5+ Kxh5 47. Rd1 Rb6 48. Rd8 Kg6 49. Rg8+ Kh5 50. Rf7 Kh6 51.
Rf6+ Kh7 52. Rxg5 Re1 53. Rf7+ Kh6 54. Rg4 Rg1+ 55. Kf3 Rh1 56. Rg3 Rc1 57. Rf8 Kh7 58.
Rf4 e5 59. Rh4+ Rh6 60. Rxh6+ Kxh6 61. Ke4 Rc5 62. Rf3 Kg6 63. Rg3+ Kf6 64. Rg8 Rc4+ 65. Kd5 Rh4 66. Rf8+ Ke7 67. Rf5 e4 68. Ke5 Rxh3 69.
Kxe4 Rh1 70. f4 Kd6 71. Rd5+ Ke6 72. Ra5 Kf7 73. Ra7+ Ke8 74. Ra6 Rh5 75. f5 Kd7 76. Ke5 1-0

[Event "Early-Titled-Tuesday-Blitz-September-05-2023"]
[Site "Chess.com"]
[Date "2023.09.05"]
[Round "4"]
[White "NovikovaGalina"]
[Black "szachuspl"]
[Result "1/2-1/2"]
[WhiteElo "2406"]
[BlackElo "2535"]
[TimeControl "180+1"]
[EndTime "8:39:11 PDT"]
[Termination "Game drawn by stalemate"]

1. e4 e5 2. Nf3 Nc6 3. Bc4 Nf6 4. Ng5 d5 5. exd5 Na5 6. Bb5+ c6 7. dxc6 bxc6 8.
Bd3 h6 9. Ne4 Nxe4 10. Bxe4 Bd6 11. O-O O-O 12. d3 f5 13. Bf3 Qc7 14. h3 Bd7 15.
Nc3 Rae8 16. Re1 Nb7 17. a4 Nc5 18. b3 Ne6 19. Ba3 Bxa3 20. Rxa3 Nd4 21. Ra1 Qd6 22. a5 Qc5 23. Qd2 Nxf3+ 24. gxf3 Rf6 25. Kh2 Qd6 26. Rg1 Kh7 27. Rg3 Re7 28. Rag1 Qe6 29. f4 e4 30. Qe3 Be8 31. dxe4 fxe4 32. Qxe4+ Qxe4 33. Nxe4 Rxf4 34. R1g2 Rfxe4 35. Rc3 R4e5 36. b4 Re4 37. Rg4 Rxg4 38. hxg4 Re4 39. Rb3 Rxg4 40. c3 Rc4 41. Kg3 g5 42. Kf3 Kg6 43. Ke3 Bf7 44.
Kd3 Rf4 45. Rb2 Bc4+ 46. Ke3 h5 47. Rd2 h4 48. Rd6+ Kh5 49. Rxc6 h3 50. Rc8 Rh4 51.
Kf3 Bd5+ 52. Kg3 h2 53. Rh8+ Kg6 54. Rxh4 gxh4+ 55. Kxh2 Kg5 56. b5 Kg4 57. b6 a6 58.
c4 Bb7 59. c5 Bc6 60. Kg1 h3 61. Kh2 Kh4 62. f4 Kg4 63. f5 Kxf5 64. Kxh3 Ke5 65. Kg3 Kd5 66. Kf2 Kc4 67. Ke1 Kb5 68. Kd2 Kxa5 69.
Kc1 Kb4 70. Kb2 a5 71. Ka1 a4 72. Kb2 a3+ 73. Ka1 Kb3 74. b7 Bxb7 75. c6 Bc8 76. c7 Kb4 77. Ka2 Be6+ 78. Ka1 Bc8 79. Ka2 Ka4 80. Ka1 Kb3 81. Kb1 a2+ 82. Ka1 Ka3 1/2-1/2